 Dungeon Crawl Stone Soup version 0.28-a0-863-g8cecda6153 (webtiles) character file.

Game seed: 2236737584205660230

4680 kae the Spear-Bearer (level 10, -4/79 HPs)
             Began as a Merfolk Ice Elementalist on Nov 18, 2021.
             Was an Elder of Okawaru.
             Slain by a centaur warrior (21 damage)
             ... on level 8 of the Dungeon.
             The game lasted 00:08:32 (10500 turns).

kae the Spear-Bearer (Merfolk Ice Elementalist)    Turns: 10500, Time: 00:08:33

Health: -4/79      AC: 16    Str: 11    XL:     10   Next: 44%
Magic:  0/20       EV: 12    Int: 28    God:    Okawaru [****..]
Gold:   170        SH:  0    Dex: 14    Spells: 11/22 levels left

rFire   . . .      SeeInvis .   a - +1 halberd (freeze)
rCold   . . .      Faith    .   (shield currently unavailable)
rNeg    . . .      Spirit   +   C - +0 steam dragon scales
rPois   .          Reflect  .   (no helmet)
rElec   .          Harm     .   (no cloak)
rCorr   .          Rampage  .   u - +1 pair of gloves
Will    .....                   (no boots)
Stlth   ++........              n - amulet of guardian spirit
HPRegen 0.23/turn               j - +6 ring of intelligence
MPRegen 0.17/turn               p - +6 ring of intelligence

@: ice-armoured, freezing walls
A: (nimble swimmer 2), mertail
a: Renounce Religion, Heroism, Finesse


You were on level 8 of the Dungeon.
You worshipped Okawaru.
Okawaru was greatly pleased with you.
You visited 2 branches of the dungeon, and saw 9 of its levels.
You also visited: Ossuary.

You collected 506 gold pieces.
You spent 336 gold pieces at shops.

Inventory:

Hand Weapons
 a - a +1 halberd of freezing (weapon)
 b - a +0 trident of protection
 d - a +1 short sword
Missiles
 s - a throwing net
Armour
 u - a +1 pair of gloves (worn)
 C - +0 steam dragon scales (worn)
 D - a +1 robe
Jewellery
 j - a +6 ring of intelligence (left hand)
 n - an amulet of guardian spirit (around neck)
 p - a +6 ring of intelligence (right hand)
 r - a +4 ring of evasion
 y - a +6 ring of strength
 z - a ring of protection from cold
 E - a ring of flight
 F - a +4 ring of protection
Wands
 x - a wand of iceblast (10)
 G - a wand of acid (11)
Scrolls
 c - 9 scrolls of teleportation
 g - 5 scrolls of enchant weapon
 o - a scroll of magic mapping
 q - a scroll of fear
 t - 4 scrolls of enchant armour
 A - a scroll of amnesia
Potions
 e - 2 potions of might
 f - 4 potions of curing
 h - 2 potions of brilliance
 i - 4 potions of degeneration
 k - a potion of haste
 m - a potion of attraction
 w - 2 potions of resistance
 B - a potion of magic
 H - a potion of flight


   Skills:
 + Level 7.5 Fighting
 * Level 12.2 Polearms
 - Level 2.7 Dodging
 - Level 2.2 Stealth
 + Level 6.8 Spellcasting
 + Level 8.9 Ice Magic


You had 11 spell levels left.
You knew the following spells:

 Your Spells              Type           Power      Damage    Failure   Level
a - Freeze                Ice            100%       1d11      1%          1
b - Frozen Ramparts       Ice            100%       1d12      1%          3
c - Ozocubu's Armour      Ice            56%        N/A       1%          3
d - Hailstorm             Conj/Ice       34%        3d9       9%          4

Your spell library contained the following spells:

 Spells                   Type           Power      Damage    Failure   Level


Dungeon Overview and Level Annotations

Branches:
Dungeon (8/15)             Temple (1/1) D:5         Ossuary (visited)
   Lair: D:8-11

Altars:
Ashenzari
Cheibriados
Dithmenos
Elyvilon
Fedhas
Gozag
Hepliaklqana
Kikubaaqudgha
Makhleb
Nemelex Xobeh
Okawaru
Qazlal
Ru
Sif Muna
Trog
Uskayaw
Vehumet
Wu Jian
Xom
Yredelemnul
Zin
The Shining One

Shops:
D:8 :?

Annotations:
D:5 1 runed translucent door, HazelSkye's ghost, amateur MiBe
D:6 1 runed translucent door, Crazy Yiuf
D:8 1 runed translucent door


Innate Abilities, Weirdness & Mutations

((You are quick and stealthy near water. (Stealth+, EV+, Speed+++)))
Your lower body shifts to a powerful aquatic tail in water.


Message History

The centaur warrior drinks a potion.
The centaur warrior goes berserk!
A wight comes into view. It is wielding a +3 long sword.
Casting: Ozocubu's Armour (safe; 1% risk of failure)
Confirm with . or Enter, or press ? or * to list all spells.
A film of ice covers your body!
The centaur warrior hits you with the +6 hand axe of Exquisite Death {flame, Str+3}!
The centaur warrior burns you.
The centaur warrior kicks you but does no damage.
The centaur warrior hits you but does no damage.
The centaur warrior completely misses you.
The heat melts your icy armour.
The centaur warrior hits you with the +6 hand axe of Exquisite Death {flame, Str+3}!
The centaur warrior burns you. The centaur warrior kicks you.
The centaur warrior hits you with the +6 hand axe of Exquisite Death {flame, Str+3}.
The centaur warrior burns you.
The centaur warrior kicks you but does no damage.
The heat melts your icy armour.
Casting: Ozocubu's Armour (safe; 1% risk of failure)
Confirm with . or Enter, or press ? or * to list all spells.
Casting: Frozen Ramparts (safe; 1% risk of failure)
Press: ? - help, Dir - look around, f - activate The walls around you are covered in ice.
The wall freezes the centaur warrior.
The centaur warrior misses you.
The centaur warrior kicks you but does no damage.
The wall freezes the centaur warrior.
The centaur warrior hits you with the +6 hand axe of Exquisite Death {flame, Str+3}!
The centaur warrior burns you.
The centaur warrior kicks you but does no damage.
The heat melts your icy armour.
You slash the centaur warrior! You freeze the centaur warrior.
The centaur warrior is moderately wounded.
The wall freezes the centaur warrior.
The centaur warrior hits you with the +6 hand axe of Exquisite Death {flame, Str+3}!
* * * LOW HITPOINT WARNING * * *
The centaur warrior burns you!
* * * LOW HITPOINT WARNING * * *
The centaur warrior kicks you but does no damage.
The wall freezes the centaur warrior.
The centaur warrior hits you with the +6 hand axe of Exquisite Death {flame, Str+3}!!
You die...

#..### #.# #.... ###..###
### #.# ##### #[.##..###
..## #.# #. ###..##..###..#
#.# #. #(.##..##.....# #.#
K. ###..##..###..# #.# )J
#..##..###....# #.# #u
###..###......####.#
..###..###..z..c@......# #
#.#..###.....########### ##
#).##...###.###...########
##.
.C###...#....##...........#
#.#
####..#.#.####.#.#.######.#
#.. #...)##.#.# #........#
#.# #.. ..##)).)#.#
#..#.#.#.## #.# ##. #
####.#.# #.#..[#...###.###
#. #.#.# #.##...........<#
#.


You could see a centaur warrior (berserk) and a wight.

Vanquished Creatures
  2 ugly things (D:8)
  A kobold demonologist (D:8)
  A troll (D:8)
  A slime creature (D:8)
  A shadow (D:7)
  2 steam dragons
  A water moccasin (D:7)
  3 sky beasts
  2 orc warriors (D:6)
  2 ice beasts
  A centaur (D:5)
  A kobold brigand (D:8)
  3 bullfrogs
  A gnoll sergeant (D:7)
  A scorpion (D:5)
  6 killer bees (D:8)
  A howler monkey (D:6)
  4 centaur zombies
  A bullfrog skeleton (D:5)
  A centaur skeleton (D:6)
  6 orc priests
  5 hounds
  3 jellies
  A gnoll shaman (D:6)
  Natasha (twice) (D:2)
  5 iguanas
  6 orc wizards
  2 hound zombies (Ossuary)
  4 mummies (Ossuary)
  A howler monkey zombie (D:8)
  2 howler monkey skeletons (D:7)
  10 gnolls
  7 adders
  A shadow imp (D:7)
  2 white imps
  An ufetubus (D:3)
  A worm (D:3)
  7 dart slugs
  26 orcs
  6 bats
  8 endoplasms
  3 giant cockroaches
  2 gnoll zombies (Ossuary)
  5 goblins
  4 hobgoblins
  5 jackals
  4 quokkas
  4 ball pythons
  A frilled lizard (D:3)
  A goblin zombie (Ossuary)
  A hobgoblin zombie (Ossuary)
  A jackal zombie (Ossuary)
  12 kobolds
  3 kobold zombies (Ossuary)
  An orc zombie (Ossuary)
  8 rats
  A rat zombie (Ossuary)
198 creatures vanquished.

Vanquished Creatures (others)
  An orc wizard (D:4)
  8 fungi (D:2)
  3 toadstools (D:2)
12 creatures vanquished.

Grand Total: 210 creatures vanquished

Notes
Turn   | Place    | Note
-------+----------+-------------------------------------------
     0 | D:1      | kae the Merfolk Ice Elementalist began the quest for the
                  | Orb.
     0 | D:1      | Reached XP level 1. HP: 13/13 MP: 3/3
   572 | D:1      | Reached XP level 2. HP: 11/20 MP: 0/5
   967 | D:1      | Reached skill level 1 in Fighting
  1329 | D:1      | Reached XP level 3. HP: 9/26 MP: 4/6
  1333 | D:1      | Learned a level 3 spell: Frozen Ramparts
  2163 | D:2      | Noticed Natasha
  2166 | D:2      | Killed Natasha
  2167 | D:2      | Reached skill level 5 in Ice Magic
  2167 | D:2      | Reached XP level 4. HP: 29/33 MP: 4/8
  2231 | D:2      | Learned a level 3 spell: Ozocubu's Armour
  2553 | D:2      | Noticed Natasha
  2559 | D:2      | Killed Natasha
  2799 | D:3      | Found a radiant altar of Vehumet.
  2845 | D:3      | Reached XP level 5. HP: 32/39 MP: 4/9
  4611 | D:4      | Reached XP level 6. HP: 47/47 MP: 11/11
  4893 | D:4      | Reached skill level 1 in Polearms
  5381 | D:5      | Entered Level 5 of the Dungeon
  5387 | D:5      | Learned a level 4 spell: Hailstorm
  5550 | D:5      | Reached skill level 2 in Polearms
  5627 | D:5      | Noticed a sky beast
  5724 | D:5      | Reached skill level 3 in Polearms
  5724 | D:5      | Reached XP level 7. HP: 18/53 MP: 1/13
  5814 | D:5      | Found a staircase to the Ecumenical Temple.
  6004 | Temple   | Entered the Ecumenical Temple
  6430 | Temple   | Became a worshipper of Warmaster Okawaru
  6491 | D:5      | Reached skill level 4 in Polearms
  6768 | D:5      | Reached skill level 5 in Polearms
  6888 | D:5      | Found a runed translucent door.
  6888 | D:5      | Noticed HazelSkye's ghost (amateur MiBe)
  7038 | D:6      | Reached * piety under Okawaru
  7107 | D:6      | Reached XP level 8. HP: 56/61 MP: 9/14
  7115 | D:6      | Reached skill level 6 in Polearms
  7211 | D:6      | Reached skill level 5 in Fighting
  7211 | D:6      | Reached skill level 7 in Polearms
  7465 | D:6      | Reached skill level 5 in Spellcasting
  7665 | D:6      | Reached ** piety under Okawaru
  7666 | D:6      | Reached skill level 8 in Polearms
  7846 | D:6      | Reached XP level 9. HP: 58/68 MP: 9/16
  8613 | D:6      | Found a runed translucent door.
  8614 | D:6      | Noticed Crazy Yiuf
  8659 | D:7      | Reached skill level 9 in Polearms
  8966 | D:7      | Reached skill level 10 in Polearms
  9288 | D:7      | Found a blossoming altar of Fedhas.
  9507 | D:8      | Found a sand-covered staircase.
  9535 | D:8      | Reached *** piety under Okawaru
  9551 | D:8      | Found Qeycog's Book Boutique.
  9557 | Ossuary  | Entered an ossuary
  9898 | D:8      | Noticed a red ugly thing
  9910 | D:8      | Killed a red ugly thing
  9911 | D:8      | Reached skill level 11 in Polearms
  9911 | D:8      | Reached XP level 10. HP: 59/77 MP: 8/19
 10009 | D:8      | Found a runed translucent door.
 10010 | D:8      | Noticed a cyan ugly thing
 10010 | D:8      | Noticed a kobold demonologist
 10022 | D:8      | Killed a cyan ugly thing
 10022 | D:8      | Reached **** piety under Okawaru
 10033 | D:8      | HP: 3/79 [troll (4)]
 10041 | D:8      | Killed a kobold demonologist
 10042 | D:8      | Reached skill level 12 in Polearms
 10042 | D:8      | Noticed a cyclops
 10052 | D:8      | Identified the +6 hand axe of Exquisite Death {flame,
                  | Str+3}
 10052 | D:8      | Noticed a centaur warrior
 10426 | D:8      | Found Suhuro's Magic Scroll Shop.
 10456 | D:8      | Bought a scroll of identify for 24 gold pieces
 10457 | D:8      | Bought a scroll of identify for 24 gold pieces
 10457 | D:8      | Bought a scroll of identify for 24 gold pieces
 10457 | D:8      | Bought a scroll of identify for 24 gold pieces
 10457 | D:8      | Bought a scroll of brand weapon for 240 gold pieces
 10500 | D:8      | Slain by a centaur warrior

Illustrated notes

Levels and vault maps discovered:
D:1:      dpeg_arrival_water_fire, layout_basic
D:2:      layout_rooms, minmay_gold_behind_fungi, uniq_natasha
D:3:      layout_loops_ring, overflow_temple_1_default
D:4:      layout_loops_ring, kennysheep_small_circle
D:5:      layout_basic, minmay_temple_entry_proselytizer, gammafunk_ghost_grave
D:6:      layout_loops_ring, uniq_crazy_yiuf_cottage
D:7:      layout_rooms, kennysheep_mini, minmay_misc_feat_pillars,
          minmay_diced_spiral
D:8:      minmay_the_grid_triangle_9x9_recursive_2
          [minmay_the_grid_triangle_9x9_prize_schism,
          minmay_the_grid_triangle_9x9_subtriangle,
          minmay_the_grid_triangle_9x9_pentomino_pain,
          minmay_the_grid_triangle_9x9_stretched_checkered], layout_loops_ring,
          serial_shops, shop, nicolae_stop_n_shop_1,
          lightli_ossuary_entry_decrepit_ruins
Temple:   mainiacjoe_temple_big_plus

Skill      XL: |  1  2  3  4  5  6  7  8  9 10 |
---------------+-------------------------------+-----
Fighting       | 1 2 3 4 5 6 7 |  7.5
Ice Magic      | 5 6 7 8 |  8.9
Spellcasting   | 3 4 5 6 |  6.8
Polearms       | 3 5 8 11 12 | 12.2
Dodging        | |  2.7
Stealth        | |  2.2

Action                   |  1- 3 |  4- 6 |  7- 9 | 10-12 || total
-------------------------+-------+-------+-------+-------++-------
Melee: Unarmed           |    17 |       |       |       ||    17
       Short sword       |    44 |    14 |       |       ||    58
       Trident           |       |   129 |   180 |       ||   309
       Halberd           |       |       |    85 |    57 ||   142
 Cast: Freeze            |    29 |    25 |    17 |       ||    71
       Frozen Ramparts   |       |    15 |    29 |     3 ||    47
       Ozocubu's Armour  |       |     3 |     6 |     3 ||    12
  Use: Scroll            |     2 |     8 |     5 |     7 ||    22
       Potion            |       |     1 |     1 |     1 ||     3
 Stab: Sleeping          |     2 |     6 |     2 |       ||    10
Armor: Robe              |    18 |    27 |    61 |       ||   106
       Steam dragon scal |       |       |    60 |    46 ||   106
Dodge: Dodged            |    60 |   100 |   184 |    24 ||   368

Table legend: (Time is in decaauts)
 A = Elapsed time spent in this place.
 B = Non-inter-level travel time spent in this place.
 C = Inter-level travel time spent in this place.
 D = Time resting spent in this place.
 E = Time spent auto-exploring this place.
 F = Levels seen in this place.
 G = Mean time per level.
                   A        B        C        D        E       F      G
               +--------+--------+--------+--------+--------+-----+--------+
         Total |  10508 |  10248 |    260 |    948 |   7883 |  10 | 1050.8 |
       Dungeon |   9801 |   9614 |    187 |    948 |   7340 |   8 | 1225.1 |
        Temple |    464 |    392 |     72 |      0 |    386 |   1 |  464.0 |
       Ossuary |    241 |    241 |      0 |      0 |    157 |   1 |  241.0 |
               +--------+--------+--------+--------+--------+-----+--------+

Top non-repeatable levels by time:
     D:1: 1841 daAuts
     D:3: 1467 daAuts
     D:6: 1443 daAuts
     D:5: 1347 daAuts
     D:4: 1227 daAuts
     D:2: 875 daAuts
     D:8: 862 daAuts
     D:7: 736 daAuts
  Temple: 464 daAuts
 Ossuary: 241 daAuts
